 Dungeon Crawl Stone Soup version 0.28.0 (webtiles) character file.

Game seed: 1637571507596863684

775 BeingJoeMalik the Spear-Bearer (level 7, -3/58 HPs)
             Began as a Purple Draconian Monk on Feb 11, 2022.
             Was an Elder of Fedhas.
             Succumbed to a scorpion's poison
             ... on level 4 of the Dungeon.
             The game lasted 00:11:07 (3773 turns).

BeingJoeMalik the Spear-Bearer (DrMo)               Turns: 3773, Time: 00:11:08

Health: -3/58      AC:  7    Str: 12 (13) XL:     7   Next: 54%
Magic:  7/7        EV: 13    Int: 10 (11) God:    Fedhas [****..]
Gold:   144        SH:  0    Dex: 14 (15) Spells: 6/6 levels left

rFire   + . .      SeeInvis .   f - +0 trident
rCold   . . .      Faith    .   (no shield)
rNeg    . . .      Spirit   .   (armour unavailable)
rPois   .          Reflect  .   (helmet restricted)
rElec   .          Harm     .   (no cloak)
rCorr   .          Rampage  .   (no gloves)
Will    +....                   r - +0 pair of boots
Stlth   ++........              (no amulet)
HPRegen 0.19/turn               k - ring of protection from fire
MPRegen 0.10/turn               (no ring)

@: brilliant, lethally poisoned (-3 -> -23), short of breath, flying
A: breathe power, AC +6, unfitting armour, cold-blooded
a: Breathe Dispelling Energy, Renounce Religion, Wall of Briars, Grow
Ballistomycete, Overgrow


You were on level 4 of the Dungeon.
You worshipped Fedhas.
Fedhas was greatly pleased with you.
You visited 1 branch of the dungeon, and saw 4 of its levels.

You collected 144 gold pieces.

Inventory:

Hand Weapons
 a - a +0 spear
 f - a +0 trident (weapon)
Missiles
 m - 4 poisoned darts (quivered)
Armour
 r - a +0 pair of boots (worn)
Jewellery
 k - a ring of protection from fire (left hand)
Scrolls
 c - a scroll of enchant weapon {unknown}
 e - a scroll of amnesia {unknown}
 h - a scroll of noise {unknown}
 i - a scroll of blinking {unknown}
 n - a scroll of teleportation {unknown}
 o - a scroll of fear {unknown}
 p - a scroll of immolation {unknown}
 q - a scroll of vulnerability {unknown}
Potions
 b - a potion of brilliance
 d - a potion of degeneration
 g - a potion of curing {unknown}
 l - a potion of lignification {unknown}


   Skills:
 - Level 3.7 Fighting
 + Level 8.7 Polearms
 - Level 2.9 Dodging
 - Level 2.0 Stealth


You had 6 spell levels left.
You didn't know any spells.
Your spell library contained the following spells:

 Spells                   Type           Power      Damage    Failure   Level
 Slow                     Hex            0%         N/A       36%         1
 Confusing Touch          Hex            0%         N/A       75%         3
 Vampiric Draining        Necr           0%         2d6       75%         3


Dungeon Overview and Level Annotations

Branches:
Dungeon (4/15)
 Temple: D:4-7

Altars:
Fedhas
Gozag
Qazlal
Ru
Zin

Shops:
D:2 [


Innate Abilities, Weirdness & Mutations

You can breathe bolts of dispelling energy.
Your rich purple scales are hard. (AC +6)
You cannot fit into any form of body armour.
You are cold-blooded and may be slowed by cold attacks.


Message History

Unknown command.
Unknown command.
Throw: 6 darts (poison)
Press: ? - help, Q - select action, (/) - cycle Shift-Dir - straight line, f/p - scorpion
Aim: a scorpion (severely wounded, 59% to hit)
You throw a poisoned dart.
The poisoned dart closely misses the scorpion.
You feel very sick. The scorpion stings you.
You are more poisoned.
The scorpion poisons you!
Throw: 5 darts (poison)
Press: ? - help, Q - select action, (/) - cycle Shift-Dir - straight line, f/p - scorpion
Aim: a scorpion (severely wounded, 59% to hit)
You throw a poisoned dart. The poisoned dart hits the scorpion.
The scorpion is poisoned.
The scorpion is severely wounded.
You feel very sick. The scorpion stings you!
* * * LOW HITPOINT WARNING * * *
You are more poisoned.
The scorpion poisons you!
Unknown command.
It was a potion of brilliance.
You feel clever all of a sudden.
* * * LOW HITPOINT WARNING * * *
You feel extremely sick. The scorpion barely misses you.
It was a potion of degeneration.
There was something very wrong with that liquid.
You feel weakened.
You feel dopey.
You feel clumsy.
* * * LOW HITPOINT WARNING * * *
You feel very sick.
You kill the scorpion!
Fedhas appreciates your contribution to the ecosystem.
It was a potion of flight.
You feel very buoyant.
You fly up into the air.
You die...
Fedhas appreciates your contribution to the ecosystem.

#########
#.......########
######.#####.#.......
#....#.##......#
####.##.#.##.##...#
.##...#.#.##.#..@##
......#...##...##oZ....#
.#.##.######..# .......
.#....##......# .......
..........###.# ###(##.#
..............####.#.#.#.
.########..##.)..........
..................>..+.
...#######.#.<..#.####


You could see an orc and a hound skeleton.

Vanquished Creatures
  3 necrophages
  2 centaurs (D:4)
  A phantom (D:2)
  2 scorpions (D:4)
  Robin (D:3)
  5 adders
  An ufetubus (D:4)
  A worm (D:2)
  6 dart slugs
  5 bats
  7 endoplasms
  5 giant cockroaches
  8 hobgoblins
  11 jackals
  4 kobolds
  4 quokkas
  8 ball pythons
  3 frilled lizards
  14 goblins
  5 rats
96 creatures vanquished.

Notes
Turn   | Place    | Note
-------+----------+-------------------------------------------
     0 | D:1      | BeingJoeMalik the Draconian Monk began the quest for the
                  | Orb.
     0 | D:1      | Reached XP level 1. HP: 19/19 MP: 1/1
   217 | D:1      | Reached XP level 2. HP: 26/26 MP: 2/2
   732 | D:1      | Found a faded altar of an unknown god.
   743 | D:1      | Prayed at the altar of an unknown god.
   743 | D:1      | Became a worshipper of Fedhas Madash
   743 | D:1      | Reached * piety under Fedhas
   743 | D:1      | Reached ** piety under Fedhas
   791 | D:1      | Reached XP level 3. HP: 30/33 MP: 3/3
   800 | D:1      | Reached *** piety under Fedhas
  1243 | D:2      | Reached skill level 4 in Polearms
  1251 | D:2      | Found Wumocw's Armour Emporium.
  2067 | D:3      | Noticed a phantom
  2069 | D:3      | Reached XP level 4. HP: 40/40 MP: 4/4
  2103 | D:2      | Killed a phantom
  2104 | D:2      | Reached skill level 5 in Polearms
  2104 | D:2      | Reached XP level 5. HP: 29/46 MP: 5/5
  2391 | D:3      | Reached **** piety under Fedhas
  2506 | D:3      | Noticed Robin
  2788 | D:3      | Noticed a necrophage
  2798 | D:3      | Killed a necrophage
  2799 | D:3      | Reached skill level 6 in Polearms
  2977 | D:3      | Found a stormy altar of Qazlal.
  3120 | D:3      | Killed Robin
  3121 | D:3      | Reached XP level 6. HP: 46/52 MP: 6/6
  3366 | D:4      | Reached skill level 7 in Polearms
  3617 | D:4      | Your scales start taking on a rich purple colour.
  3617 | D:4      | Reached XP level 7. HP: 57/58 MP: 7/7
  3629 | D:4      | Found a glowing silver altar of Zin.
  3633 | D:4      | Found a sacrificial altar of Ru.
  3633 | D:4      | Found an opulent altar of Gozag.
  3756 | D:4      | Reached skill level 8 in Polearms
  3772 | D:4      | HP: 1/58 [poisoned by a scorpion]
  3773 | D:4      | Succumbed to a scorpion's poison

Illustrated notes

Levels and vault maps discovered:
D:1:      saegor_arrival_miasma, layout_basic,
          shapermc_ecumenical_altar_totnotflames, minmay_pentomino_v2
D:2:      wander_river, layout_loops_ring, serial_shops, nicolae_shop_stone
D:3:      layout_basic, nicolae_qazlal_scattered_showers, uniq_robin
D:4:      layout_basic, minitemple, chequers_serial_rivers_micro_c,
          minmay_ruined_shrine

Skill      XL: |  1  2  3  4  5  6  7 |
---------------+----------------------+-----
Stealth        | 2 |  2.0
Polearms       | 4 5 6 7 8 |  8.7
Fighting       | |  3.7
Dodging        | |  2.9

Action                   |  1- 3 |  4- 6 |  7- 9 || total
-------------------------+-------+-------+-------++-------
Melee: Spear             |   160 |       |       ||   160
       Tailslap          |    20 |    12 |    10 ||    42
       Trident           |    11 |   148 |    33 ||   192
Throw: Dart              |       |     5 |     2 ||     7
 Abil: Breathe Dispellin |       |       |     1 ||     1
  Use: Potion            |       |       |     3 ||     3
 Stab: Sleeping          |    13 |     6 |       ||    19
Armor: Skin              |    27 |    32 |     6 ||    65
Dodge: Dodged            |    68 |    87 |    15 ||   170
